Map: Divergence LE

Players

markuswiena

  • Race: Zerg Zerg
  • League: Gold
  • Spawn Location: 5:00

hardliner

  • Race: Protoss Protoss
  • Spawn Location: 5:00

Massa - Winner!

  • Race: Terran Terran
  • League: Gold
  • Spawn Location: 11:00

qqq - Winner!

  • Race: Zerg Zerg
  • League: Platinum
  • Spawn Location: 11:00

VOD

Have the link to the VOD?

Description

Time

  • Played on: April 27, 2020, 12:54 p.m.
  • Length: 4:38
Show
View Real Time Build Order
Export as new Build Order

markuswiena Zerg 

Build Orders: Pool Only 

Get SALT Encoding   

  12  0:01  Drone  
  13  0:08  Drone  
  14  0:15  Extractor, Drone  
  15  0:22  Overlord  
  15  0:31  Overlord  
  15  0:40  Drone  
  16  0:48  Spawning Pool  
  15  0:52  Drone  
  16  0:57  Extractor, Drone  
  16  1:07  Drone  
  17  1:18  Drone  
  18  1:28  Drone  
  19  1:35  Queen  
  19  1:39  Drone  
  22  1:49  Drone  
  23  2:02  Spine Crawler  
  23  2:07  Zergling x2  
  23  2:12  Zergling x2  
  24  2:19  Metabolic Boost  
  24  2:22  Drone  
  25  2:27  Extractor  
  24  2:45  Zergling x4  
  24  2:47  Lair  
  24  2:49  Zergling x6  
  29  3:01  Drone  
  30  3:15  Overlord  
  29  3:37  Zergling x10  
  26  4:02  Zergling x4  
  26  4:11  Zergling x2  
Show
View Real Time Build Order
Export as new Build Order

hardliner Protoss 

Build Orders:  

Get SALT Encoding   

  12  0:00  Probe  
  13  0:12  Probe  
  14  0:20  Pylon  
  14  0:24  Probe  
  15  0:38  Probe (Chrono Boost)  
  16  0:47  Probe (Chrono Boost)  
  16  0:49  Pylon  
  17  0:52  Forge  
  17  0:53  Probe (Chrono Boost)  
  18  1:14  Pylon  
  18  1:15  Probe  
  19  1:20  Gateway  
  19  1:27  Probe  
  20  1:34  Photon Cannon  
  20  1:39  Probe  
  20  1:55  Nexus, Assimilator  
  20  1:59  Assimilator  
  20  2:00  Probe  
  21  2:09  Pylon  
  21  2:13  Probe (Chrono Boost)  
  22  2:21  Cybernetics Core  
  22  2:25  Probe (Chrono Boost)  
  23  2:33  Probe (Chrono Boost), Zealot  
  26  2:39  Probe  
  27  2:51  Probe  
  28  2:59  Pylon  
  28  3:00  Stalker  
  28  3:04  Probe (Chrono Boost)  
  33  3:13  Probe (Chrono Boost)  
  33  3:14  Probe (Chrono Boost)  
  33  3:20  Probe  
Show
View Real Time Build Order
Export as new Build Order

Massa Terran - Winner!

Build Orders:  

Get SALT Encoding   

  12  0:12  Supply Depot  
  12  0:13  SCV  
  13  0:25  SCV  
  14  0:35  Barracks  
  14  0:37  SCV  
  15  0:53  Supply Depot  
  15  1:06  SCV  
  16  1:18  SCV  
  16  1:19  Barracks  
  16  1:22  Marine  
  16  1:24  Barracks  
  18  1:30  SCV  
  19  1:40  Marine  
  20  1:52  Orbital Command  
  20  1:58  Marine  
  21  2:08  Barracks  
  21  2:16  Marine x2  
  21  2:17  Refinery, Marine  
  24  2:32  Supply Depot  
  24  2:33  Marine  
  24  2:34  Marine  
  24  2:35  Marine  
  27  2:51  Marine  
  27  2:52  Marine  
  27  2:53  Marine  
  27  2:54  Supply Depot  
  27  2:56  SCV  
  31  3:09  Marine x2  
  31  3:10  Marine  
  31  3:11  Marine  
  35  3:27  Marine x2  
  35  3:28  Marine  
  35  3:31  Marine  
  38  3:45  Marine x2  
  38  3:46  Marine  
  40  3:49  Marine  
  39  4:02  Marine  
  40  4:14  Marine x3  
Show
View Real Time Build Order
Export as new Build Order

qqq Zerg - Winner!

Build Orders: Hatch First 

Get SALT Encoding   

  12  0:04  Drone  
  13  0:09  Drone  
  14  0:41  Hatchery  
  13  0:52  Spawning Pool  
  13  0:56  Drone  
  13  1:00  Extractor  
  12  1:19  Drone  
  12  1:20  Drone  
  14  1:43  Overlord  
  14  1:52  Queen  
  16  1:57  Drone  
  17  2:02  Zergling x2  
  17  2:06  Zergling x2  
  19  2:19  Zergling x4  
  21  2:26  Zergling x2  
  21  2:27  Zergling x2  
  23  2:34  Metabolic Boost  
  23  2:41  Zergling x2  
  23  2:42  Zergling x2  
  25  2:49  Zergling x2  
  26  2:53  Overlord  
  26  3:03  Overlord  
  26  3:28  Zergling x4  
  26  3:29  Zergling x2  
  26  3:30  Drone, Zergling x4  
  27  3:45  Zergling x8  
  27  3:46  Zergling x2  
  32  4:04  Zergling x2  
  33  4:11  Zergling x2  
  33  4:12  Zergling x4  
Tags
 
Add a new tag
Caveats
  • Supply blocks, unpowered buildings, or Contaminate may cause inaccurate times.
  • Supply counts are checked every 10 seconds.